MLB
ARIZONA DIAMONDBACKS @ LOS ANGELES DODGERS
05/09/2099
 
TOP OF THE 1ST
Arizona Diamondbacks batting - Pitching for Los Angeles Dodgers : RHP Matt Patras
Pitching: RHP Matt Patras
Batting: RHB Rafael Estrada 0-0: SINGLE (Line Drive, 8LS, EV 101.9 MPH)
Batting: LHB Tim Cooke 0-0: Called Strike
0-1: Called Strike
0-2: Ball
1-2: Strikes out swinging
Batting: LHB Eric Lawrence 0-0: Ball
1-0: Foul Ball, location: 23F
1-1: Grounds into double play, 4-6-3 (Groundball, 34, EV 98.8 MPH)
Top of the 1st over - 0 runs, 1 hit, 0 errors, 0 left on base; Arizona 0 - Los Angeles 0
BOTTOM OF THE 1ST
Los Angeles Dodgers batting - Pitching for Arizona Diamondbacks : LHP Jim Bauwens
Pitching: LHP Jim Bauwens
Batting: RHB Bryan Uplinger 0-0: Foul Ball, location: 2F
0-1: Ball
1-1: Ball
2-1: Ground out 6-3 (Groundball, 6, EV 94.4 MPH)
Batting: RHB Dan Boyd 0-0: Ground out 6-3 (Groundball, 6, EV 98.8 MPH)
Batting: RHB John Spohn 0-0: Called Strike
0-1: Called Strike
0-2: Ball
1-2: Ground out 5-3 (Groundball, 5, EV 103.1 MPH)
Bottom of the 1st over - 0 runs, 0 hits, 0 errors, 0 left on base; Arizona 0 - Los Angeles 0
TOP OF THE 2ND
Arizona Diamondbacks batting - Pitching for Los Angeles Dodgers : RHP Matt Patras
Batting: RHB Jesse Cavallaro 0-0: Ground out 6-3 (Groundball, 56, EV 76.3 MPH)
Batting: LHB Eric Hamilton 0-0: Ball
1-0: Ball
2-0: Foul Ball, location: 5F
2-1: Ball
3-1: Base on Balls
Batting: SHB Jose Medina 0-0: Swinging Strike
0-1: Called Strike
0-2: Foul Ball, location: 2F
0-2: Strikes out looking
Batting: LHB Travis Lawlor 0-0: Called Strike
0-1: Ball
1-1: Ball
2-1: Foul Ball, location: 2F
2-2: Foul Ball, location: 7LSF
2-2: Fly out, F7 (Flyball, 7D, EV 103.1 MPH)
Top of the 2nd over - 0 runs, 0 hits, 0 errors, 1 left on base; Arizona 0 - Los Angeles 0
BOTTOM OF THE 2ND
Los Angeles Dodgers batting - Pitching for Arizona Diamondbacks : LHP Jim Bauwens
Batting: RHB Victor Salinas 0-0: Foul Ball, location: 2F
0-1: Ball
1-1: Ball
2-1: Ball
3-1: Swinging Strike
3-2: Ground out 5-3 (Groundball, 56S, EV 88.1 MPH)
Batting: RHB Brad Horwath 0-0: Foul Ball, location: 2F
0-1: SINGLE (Line Drive, 4D, EV 94.4 MPH)
Batting: LHB Greg Thompson 0-0: Ball
1-0: Called Strike
1-1: Ball
2-1: Foul Ball, location: 2F
2-2: Ball
3-2: Fly out, F7 (Flyball, 7, EV 98.1 MPH)
Batting: RHB Luis Lozada 0-0: Ball
1-0: Swinging Strike
1-1: Ball
2-1: Ball
3-1: Fly out, F5 (Line Drive, 5, EV 61.3 MPH)
Bottom of the 2nd over - 0 runs, 1 hit, 0 errors, 1 left on base; Arizona 0 - Los Angeles 0
TOP OF THE 3RD
Arizona Diamondbacks batting - Pitching for Los Angeles Dodgers : RHP Matt Patras
Batting: RHB Shawn Lindsey 0-0: Ball
1-0: Ball
2-0: Ball
3-0: Base on Balls
Batting: LHB Alex Castro 0-0: Foul Ball, location: 5SF
0-1: Ball
1-1: Ball
2-1: Foul Ball, location: 9LMF
2-2: Fly out, F5 (Line Drive, 5L, EV 72.5 MPH)
Batting: RHB Rafael Estrada 0-0: Swinging Strike
0-1: Ground out 1-3 (Groundball, 15S, EV 73.1 MPH)
Shawn Lindsey to second
Batting: LHB Tim Cooke 0-0: Called Strike
0-1: Called Strike
0-2: Ground out 6-3 (Groundball, 6, EV 98.1 MPH)
Top of the 3rd over - 0 runs, 0 hits, 0 errors, 1 left on base; Arizona 0 - Los Angeles 0
BOTTOM OF THE 3RD
Los Angeles Dodgers batting - Pitching for Arizona Diamondbacks : LHP Jim Bauwens
Batting: RHB Ron Ascencio 0-0: Ball
1-0: Foul Ball, location: 9LDF
1-1: Foul Ball, location: 23F
1-2: Foul Ball, location: 5F
1-2: Ball
2-2: Ball
3-2: Ground out 5-3 (Groundball, 5, EV 85.0 MPH)
Batting: SHB Jason Avsar 0-0: Ball
1-0: Ball
2-0: Foul Ball, location: 7LSF
2-1: Swinging Strike
2-2: Hit by Pitch
Batting: RHB Bryan Uplinger 0-0: SINGLE (Groundball, 6MS, EV 72.5 MPH) (infield hit)
Jason Avsar to second
Batting: RHB Dan Boyd 0-0: Ball
1-0: Called Strike
1-1: Swinging Strike
1-2: Ball
2-2: Ball
3-2: Base on Balls
Jason Avsar to third
Bryan Uplinger to second
Batting: RHB John Spohn 0-0: Called Strike
0-1: Ball
1-1: Grounds into double play, 4-6-3 (Groundball, 4, EV 86.9 MPH)
Bottom of the 3rd over - 0 runs, 1 hit, 0 errors, 2 left on base; Arizona 0 - Los Angeles 0
TOP OF THE 4TH
Arizona Diamondbacks batting - Pitching for Los Angeles Dodgers : RHP Matt Patras
Batting: LHB Eric Lawrence 0-0: Foul Ball, location: 3F
0-1: Foul Ball, location: 2F
0-2: Ball
1-2: Ball
2-2: Ball
3-2: Fly out, F8 (Flyball, 8LD, EV 81.3 MPH)
Batting: RHB Jesse Cavallaro 0-0: Called Strike
0-1: Fly out, F8 (Line Drive, 78M, EV 102.5 MPH)
Batting: LHB Eric Hamilton 0-0: Ball
1-0: Foul Ball, location: 23F
1-1: Ground out 4-3 (Groundball, 4, EV 106.9 MPH)
Top of the 4th over - 0 runs, 0 hits, 0 errors, 0 left on base; Arizona 0 - Los Angeles 0
BOTTOM OF THE 4TH
Los Angeles Dodgers batting - Pitching for Arizona Diamondbacks : LHP Jim Bauwens
Batting: RHB Victor Salinas 0-0: Ball
1-0: Fly out, F9 (Flyball, 89S, EV 83.1 MPH)
Batting: RHB Brad Horwath 0-0: Called Strike
0-1: Ball
1-1: Swinging Strike
1-2: Foul Ball, location: 2F
1-2: Foul Ball, location: 3DF
1-2: Ball
2-2: SINGLE (Line Drive, 89S, EV 88.1 MPH)
Batting: LHB Greg Thompson 0-0: Reached on error, E9 (Flyball, 9, EV 92.5 MPH)
Brad Horwath to second
Batting: RHB Luis Lozada 0-0: Ball
1-0: Foul Ball, location: 5F
1-1: Swinging Strike
1-2: Hit by Pitch
Brad Horwath to third
Greg Thompson to second
Batting: RHB Ron Ascencio 0-0: Called Strike
0-1: Called Strike
0-2: Ball
1-2: Foul Ball, location: 5FF
1-2: Ball
2-2: Ball
3-2: Fly out, F5 (Line Drive, 5L, EV 61.9 MPH)
Batting: SHB Jason Avsar 0-0: Ball
1-0: Called Strike
1-1: Ball
2-1: Ball
3-1: Foul Ball, location: 5F
3-2: Foul Ball, location: 2LF
3-2: Base on Balls
Brad Horwath scores
Greg Thompson to third
Luis Lozada to second
Batting: RHB Bryan Uplinger 0-0: Swinging Strike
0-1: Foul Ball, location: 2F
0-2: Fielders Choice at 2nd, 6-4 (Groundball, 56, EV 79.4 MPH)
Bottom of the 4th over - 1 run, 1 hit, 1 error, 3 left on base; Arizona 0 - Los Angeles 1
TOP OF THE 5TH
Arizona Diamondbacks batting - Pitching for Los Angeles Dodgers : RHP Matt Patras
Batting: SHB Jose Medina 0-0: Ball
1-0: Called Strike
1-1: Ball
2-1: Ground out 3-1 (Groundball, 34S, EV 79.4 MPH)
Batting: LHB Travis Lawlor 0-0: SINGLE (Line Drive, 8LS, EV 105.0 MPH)
Batting: RHB Shawn Lindsey 0-0: Fly out, F3 (Popup, 23, EV 92.5 MPH)
Batting: LHB Alex Castro 0-0: Ball
1-0: Ball
2-0: DOUBLE (Line Drive, 7LS, EV 110.6 MPH)
Travis Lawlor to third
Runner from 3rd tries for Home, SAFE, no throw by LF
Batting: RHB Rafael Estrada 0-0: Called Strike
0-1: Called Strike
0-2: Ball
1-2: Ball
2-2: Strikes out looking
Top of the 5th over - 1 run, 2 hits, 0 errors, 1 left on base; Arizona 1 - Los Angeles 1
BOTTOM OF THE 5TH
Los Angeles Dodgers batting - Pitching for Arizona Diamondbacks : LHP Jim Bauwens
Batting: RHB Dan Boyd 0-0: Ground out 6-3 (Groundball, 6, EV 84.4 MPH)
Batting: RHB John Spohn 0-0: Called Strike
0-1: Ball
1-1: Foul Ball, location: 2RF
1-2: Foul Ball, location: 5DF
1-2: Ground out 3-1 (Groundball, 34S, EV 87.5 MPH)
Batting: RHB Victor Salinas 0-0: Called Strike
0-1: Swinging Strike
0-2: SINGLE (Groundball, 34D, EV 106.3 MPH)
Batting: RHB Brad Horwath 0-0: Fly out, F7 (Line Drive, 7, EV 83.8 MPH)
Bottom of the 5th over - 0 runs, 1 hit, 0 errors, 1 left on base; Arizona 1 - Los Angeles 1
TOP OF THE 6TH
Arizona Diamondbacks batting - Pitching for Los Angeles Dodgers : RHP Matt Patras
Batting: LHB Tim Cooke 0-0: Swinging Strike
0-1: Ground out 4-3 (Groundball, 4M, EV 80.6 MPH)
Batting: LHB Eric Lawrence 0-0: Ball
1-0: Foul Ball, location: 2F
1-1: Swinging Strike
1-2: Ball
2-2: Fly out, F7 (Flyball, 7S, EV 93.8 MPH)
Batting: RHB Jesse Cavallaro 0-0: Foul Ball, location: 23F
0-1: Called Strike
0-2: Ball
1-2: Ball
2-2: Strikes out swinging, 2-3 out at first.
Top of the 6th over - 0 runs, 0 hits, 0 errors, 0 left on base; Arizona 1 - Los Angeles 1
BOTTOM OF THE 6TH
Los Angeles Dodgers batting - Pitching for Arizona Diamondbacks : LHP Jim Bauwens
Batting: LHB Greg Thompson 0-0: Ball
1-0: Ball
2-0: Ball
3-0: Base on Balls
Batting: RHB Luis Lozada 0-0: Foul Ball, location: 9LSF
0-1: Ball
1-1: Fly out, F9 (Line Drive, 9LM, EV 95.0 MPH)
Batting: RHB Ron Ascencio 0-0: Ball
1-0: Ball
2-0: Ball
3-0: Base on Balls
Greg Thompson to second
Pitching: RHP Tony Trujillo
Batting: SHB Jason Avsar 0-0: Ball
1-0: Ball
2-0: Foul Ball, location: 23F
2-1: SINGLE (Line Drive, 4MD, EV 72.5 MPH)
Greg Thompson to third
Ron Ascencio to second
Runner from 3rd tries for Home, SAFE, throw by CF to home
Batting: RHB Bryan Uplinger 0-0: Fielders Choice at 2nd, 2-4 (Groundball, 15S, EV 69.4 MPH)
Ron Ascencio to third
Batting: RHB Dan Boyd 0-0: Called Strike
0-1: Called Strike
0-2: Ball
1-2: Ball
2-2: Foul Ball, location: 2F
2-2: Fielders Choice at 2nd, 6-4 (Groundball, 6, EV 93.1 MPH)
Bottom of the 6th over - 1 run, 1 hit, 0 errors, 2 left on base; Arizona 1 - Los Angeles 2
TOP OF THE 7TH
Arizona Diamondbacks batting - Pitching for Los Angeles Dodgers : RHP Matt Patras
Pitching: LHP Jose Amaro
Pinch Hitting: RHB Kevin Delmotte 0-0: Ball
1-0: Foul Ball, location: 2F
1-1: Ball
2-1: Ground out 6-3 (Groundball, 6, EV 80.6 MPH)
Batting: SHB Jose Medina 0-0: Called Strike
0-1: Ball
1-1: Called Strike
1-2: Ball
2-2: Strikes out swinging
Batting: LHB Travis Lawlor 0-0: Ball
1-0: Ball
2-0: Fly out, F9 (Line Drive, 9, EV 83.8 MPH)
Top of the 7th over - 0 runs, 0 hits, 0 errors, 0 left on base; Arizona 1 - Los Angeles 2
BOTTOM OF THE 7TH
Los Angeles Dodgers batting - Pitching for Arizona Diamondbacks : RHP Tony Trujillo
Now in RF: Melvin Ramos
Batting: RHB John Spohn 0-0: Ground out 6-3 (Groundball, 6, EV 79.4 MPH)
Batting: RHB Victor Salinas 0-0: Ball
1-0: Ball
2-0: Ball
3-0: Called Strike
3-1: Base on Balls
Batting: LHB Ramon Anguiano 0-0: Swinging Strike
0-1: Foul Ball, location: 2F
0-2: Ball
1-2: 2-RUN HOME RUN (Flyball, 9D, EV 99.4 MPH), Distance : 359 ft
Batting: LHB Greg Thompson 0-0: Ball
1-0: Ball
2-0: Called Strike
2-1: Swinging Strike
2-2: Strikes out swinging
Batting: RHB Luis Lozada 0-0: Called Strike
0-1: Ball
1-1: Fly out, F9 (Flyball, 9LS, EV 85.6 MPH)
Bottom of the 7th over - 2 runs, 1 hit, 0 errors, 0 left on base; Arizona 1 - Los Angeles 4
TOP OF THE 8TH
Arizona Diamondbacks batting - Pitching for Los Angeles Dodgers : LHP Jose Amaro
Now at 1B: Mang He
Now in LF: Joel Holden
Batting: RHB Shawn Lindsey 0-0: Fly out, F9 (Flyball, 9, EV 91.9 MPH)
Pinch Hitting: RHB Gabe Bankole 0-0: Foul Ball, location: 3FF
0-1: Ball
1-1: Foul Ball, location: 3SF
1-2: Ball
2-2: Ball
3-2: Foul Ball, location: 9LMFF
3-2: Foul Ball, location: 7LDF
3-2: Foul Ball, location: 25FF
3-2: Foul Ball, location: 9LSF
3-2: Strikes out looking
Batting: RHB Rafael Estrada 0-0: Ground out 6-3 (Groundball, P, EV 90.6 MPH)
Top of the 8th over - 0 runs, 0 hits, 0 errors, 0 left on base; Arizona 1 - Los Angeles 4
BOTTOM OF THE 8TH
Los Angeles Dodgers batting - Pitching for Arizona Diamondbacks : RHP Tony Trujillo
Pitching: RHP Ian White
Now at SS: Gabe Bankole
Batting: RHB Ron Ascencio 0-0: Ball
1-0: Called Strike
1-1: Ball
2-1: Foul Ball, location: 2F
2-2: SINGLE (Flyball, 89M, EV 96.9 MPH)
Batting: SHB Jason Avsar 0-0: Called Strike
0-1: Ball
1-1: Fly out, F7 (Flyball, 7LM, EV 91.9 MPH)
Batting: RHB Bryan Uplinger 0-0: Ball
1-0: Ball
2-0: Grounds into double play, 5-4-3 (Groundball, 5S, EV 81.9 MPH)
Bottom of the 8th over - 0 runs, 1 hit, 0 errors, 0 left on base; Arizona 1 - Los Angeles 4
TOP OF THE 9TH
Arizona Diamondbacks batting - Pitching for Los Angeles Dodgers : LHP Jose Amaro
Pitching: RHP Dennis Emmons
Batting: LHB Tim Cooke 0-0: Ball
1-0: Fly out, F9 (Flyball, 89M, EV 92.5 MPH)
Batting: LHB Eric Lawrence 0-0: Ball
1-0: Called Strike
1-1: Ball
2-1: Foul Ball, location: 5F
2-2: Ball
3-2: Fly out, F6 (Popup, 56, EV 58.8 MPH)
Batting: RHB Jesse Cavallaro 0-0: Ball
1-0: Fly out, F7 (Flyball, 7LS, EV 93.8 MPH)
Top of the 9th over - 0 runs, 0 hits, 0 errors, 0 left on base; Arizona 1 - Los Angeles 4
Friday, May 3rd , 2024 - OOTP Baseball 24.11 Build 85